Map: Givre EC

Players

Worming

  • Race: Zerg Zerg
  • League: Diamond

Lubacca - Winner!

  • Race: Zerg Zerg
  • League: Diamond

VOD

Have the link to the VOD?

Description

Time

  • Played on: Oct. 16, 2016, 3:55 a.m.
  • Length: 14:05
Show
View Real Time Build Order
Export as new Build Order

Worming Zerg 

Build Orders: Hatch First 

Get SALT Encoding   

  12  0:01  Drone  
  13  0:14  Overlord  
  13  0:18  Drone  
  14  0:32  Drone x2  
  16  0:36  Drone  
  17  0:53  Hatchery  
  17  0:57  Drone  
  17  1:01  Extractor  
  17  1:02  Drone  
  17  1:25  Drone x2  
  19  1:31  Drone, Spawning Pool  
  19  1:48  Drone  
  19  1:52  Overlord  
  20  2:11  Drone x2  
  22  2:25  Queen x2  
  22  2:26  Zergling x6  
  22  2:27  Metabolic Boost  
  29  2:31  Drone  
  29  2:32  Baneling Nest  
  29  2:48  Drone x3  
  32  2:53  Overlord  
  32  3:07  Drone x3  
  32  3:11  Queen  
  37  3:21  Drone x3  
  37  3:26  Extractor  
  39  3:34  Drone x2  
  41  3:38  Drone x3  
  41  3:39  Overlord  
  43  4:07  Zergling x4  
  45  4:11  Zergling x14  
  45  4:13  Baneling x4  
  45  4:14  Overlord  
  52  4:18  Hatchery  
  52  4:24  Overlord, Spine Crawler  
  46  4:41  Lair  
  46  4:44  Evolution Chamber  
  45  4:47  Roach Warren  
  44  4:54  Baneling x2  
  44  4:58  Zergling x2  
  44  4:59  Zergling x12  
  51  5:02  Drone x4  
  51  5:05  Extractor  
  53  5:20  Baneling x2  
  53  5:21  Zergling x6  
  52  5:33  Zerg Missile Weapons Level 1  
  45  5:53  Roach x9  
  45  5:54  Glial Reconstitution  
  58  6:06  Overlord  
  58  6:08  Roach x5  
  58  6:10  Drone x4  
  72  6:28  Zergling x10  
  77  6:32  Spine Crawler  
  77  6:42  Spine Crawler  
  76  6:52  Drone x4, Extractor  
  80  6:54  Drone x3  
  80  6:56  Overlord x2  
  82  7:03  Baneling  
  82  7:04  Baneling  
  68  7:18  Roach x11  
  82  7:29  Zerg Missile Weapons Level 2  
  81  7:31  Zergling x6  
  81  7:35  Overlord  
  84  7:38  Overlord  
  84  7:39  Roach  
  84  7:40  Roach x4  
  90  7:54  Drone x2  
  90  7:55  Drone, Roach x2  
  90  7:58  Ravager x2  
  99  8:06  Extractor  
  93  8:19  Ravager  
  93  8:20  Ravager x2  
  93  8:22  Zergling x20  
  104  8:38  Drone x3  
  104  8:39  Drone x3  
  104  8:40  Zergling x2, Extractor  
  104  8:41  Zergling x4  
  112  8:59  Drone x2  
  112  9:01  Overlord x2  
  114  9:07  Overlord x2  
  114  9:10  Hatchery  
  110  9:17  Overseer  
  110  9:25  Roach x8  
  118  9:39  Roach x10  
  137  9:57  Zerg Ground Armor Level 1  
  137  10:03  Hydralisk Den  
  136  10:07  Drone x8  
  144  10:22  Roach x3  
  144  10:24  Overlord x3  
  144  10:25  Overlord  
  150  10:37  Muscular Augments  
  150  10:41  Hydralisk x3  
  150  10:42  Hydralisk x2  
  160  10:49  Ravager  
  161  10:50  Ravager x2  
  161  10:51  Ravager x2  
  165  10:59  Hydralisk x4  
  165  11:00  Hydralisk  
  165  11:03  Ravager x2  
  177  11:17  Queen  
  179  11:21  Queen  
  180  11:48  Zergling x8  
  180  11:54  Overseer x2  
  184  11:57  Pneumatized Carapace  
  184  12:02  Lurker Den  
  184  12:05  Spire  
  183  12:09  Infestation Pit  
  183  12:11  Overseer  
  183  12:12  Overlord  
  129  12:37  Roach x12  
  140  12:46  Roach x14  
  166  12:57  Roach  
  166  12:58  Roach x11  
  135  13:08  Roach  
  135  13:09  Roach x4  
  122  13:14  Roach  
  122  13:15  Roach  
  108  13:20  Hydralisk x2  
  81  13:35  Roach x4  
  83  13:47  Overlord  
  76  13:50  Overseer x2  
Show
View Real Time Build Order
Export as new Build Order

Lubacca Zerg - Winner!

Build Orders: Hatch First, Lurkers 

Get SALT Encoding   

  12  0:00  Drone  
  13  0:12  Overlord  
  13  0:17  Drone  
  14  0:31  Drone x2  
  14  0:34  Drone  
  17  0:53  Hatchery  
  17  0:56  Drone  
  17  1:00  Drone  
  18  1:11  Extractor  
  18  1:15  Spawning Pool  
  18  1:17  Drone  
  17  1:21  Drone  
  18  1:29  Drone  
  19  1:39  Overlord  
  19  1:50  Drone  
  20  2:02  Queen, Zergling x2  
  20  2:04  Queen  
  20  2:05  Zergling x2  
  26  2:13  Metabolic Boost  
  26  2:14  Drone  
  27  2:17  Drone  
  28  2:28  Drone x2  
  30  2:37  Drone  
  31  2:38  Drone  
  31  2:43  Overlord  
  32  2:53  Drone  
  32  2:54  Baneling Nest  
  32  3:00  Drone x2  
  34  3:11  Drone x5  
  39  3:19  Drone x4  
  43  3:29  Overlord  
  43  3:31  Drone  
  43  3:34  Extractor  
  43  3:35  Extractor  
  43  3:40  Roach Warren  
  41  3:49  Zergling x16  
  49  4:11  Lair  
  49  4:14  Hatchery  
  41  4:35  Zergling x6  
  41  4:36  Zergling x18  
  51  4:46  Spine Crawler  
  51  4:47  Zergling x2  
  51  4:48  Zergling x2  
  51  4:55  Baneling x2  
  51  5:04  Overlord x2  
  51  5:06  Baneling x2  
  51  5:11  Glial Reconstitution  
  49  5:26  Drone x7  
  49  5:27  Drone  
  55  5:34  Baneling x2  
  53  5:45  Drone x7  
  52  5:58  Roach x2  
  56  6:05  Drone x2  
  58  6:15  Roach  
  58  6:16  Roach x2  
  64  6:20  Evolution Chamber  
  64  6:23  Overlord  
  64  6:24  Roach x2  
  67  6:26  Overlord  
  67  6:33  Hatchery  
  67  6:35  Roach  
  68  6:42  Extractor  
  68  6:43  Drone x3  
  68  6:44  Roach x3  
  68  6:47  Zerg Missile Weapons Level 1  
  76  6:49  Roach  
  76  6:54  Roach x3  
  79  7:09  Roach x3  
  80  7:24  Roach x2  
  80  7:26  Overlord x2  
  74  7:52  Roach x7  
  74  7:58  Queen  
  88  8:04  Roach x8  
  106  8:11  Roach x2  
  100  8:17  Roach  
  100  8:18  Roach  
  104  8:26  Drone x2  
  106  8:34  Overlord  
  106  8:35  Overlord x3  
  106  8:42  Zerg Missile Weapons Level 2  
  106  8:45  Overlord  
  106  8:54  Roach x2  
  106  8:55  Roach x4  
  118  8:57  Overlord  
  118  8:58  Roach x2  
  118  9:00  Overlord x2  
  122  9:08  Hydralisk Den  
  122  9:09  Drone x5  
  126  9:21  Roach  
  126  9:22  Roach x5  
  138  9:27  Roach  
  136  9:44  Roach x6  
  136  9:45  Roach x3  
  154  9:47  Overlord  
  154  9:51  Lurker Den  
  154  9:57  Overlord x2  
  154  10:05  Drone x7  
  161  10:07  Extractor  
  161  10:09  Extractor  
  159  10:16  Burrow  
  159  10:32  Drone x2  
  159  10:33  Drone x3  
  159  10:34  Drone  
  159  10:35  Hydralisk x5  
  175  10:44  Roach  
  175  10:46  Overlord x3  
  177  10:58  Zerg Ground Armor Level 1  
  177  11:04  Overlord  
  177  11:05  Overlord  
  177  11:11  Pneumatized Carapace  
  177  11:13  Overseer x3  
  177  11:23  Lurker  
  177  11:24  Lurker x4  
  174  11:56  Infestation Pit  
  173  12:04  Hatchery  
  173  12:06  Hydralisk  
  173  12:07  Hydralisk x13  
  200  12:11  Muscular Augments  
  186  12:48  Roach x7  
  178  13:08  Roach x14  
  180  13:20  Roach  
  180  13:21  Roach x4  
  176  13:33  Hatchery  
  171  13:37  Overlord  
Tags
 
Composition
Lurkers
Matchup
ZvZ
Race
Zerg
Replay Pack
replay pack
Add a new tag
Caveats
  • Supply blocks, unpowered buildings, or Contaminate may cause inaccurate times.
  • Supply counts are checked every 10 seconds.